 Dungeon Crawl Stone Soup version 0.32-a0-871-ge202e49faa (webtiles) character file.

Game seed: 17267597811733497855

560 KennySheep the Trooper (level 7, -11/72 HPs)
             Began as an Oni Warper on Mar 29, 2024.
             Killed by an exploding butterfly (25 damage)
             ... ignited by their inner flame
             ... on level 5 of the Dungeon.
             The game lasted 00:13:20 (4850 turns).

KennySheep the Trooper (Oni Warper)                 Turns: 4850, Time: 00:13:20

Health: -11/72     AC:  5    Str: 18    XL:     7   Next: 31%
Magic:  13/13      EV: 14    Int: 14    God:
Gold:   170        SH:  0    Dex:  8    Spells: 7/14 levels left

rFire   . . .        h - +4 club
rCold   . . .        (no shield)
rNeg    . . .        b - +0 robe
rPois   .            (helmet restricted)
rElec   .            g - +1 cloak
rCorr   .            (gloves unavailable)
SInv    .            (boots unavailable)
Will    .....        (no amulet)
Stlth   +            q - +5 ring of evasion
HPRegen 0.32/turn    (no ring)
MPRegen 0.13/turn

%: no passive effects
@: weak-willed
A: large, unfitting armour, horns 1, tough skin 1, double potion healing,
drunken brawling, mutation resistance 1, inhibited regeneration
a: no special abilities


You were on level 5 of the Dungeon.
You visited 1 branch of the dungeon, and saw 5 of its levels.

You collected 170 gold pieces.

Inventory:

Hand Weapons
 a - a +0 mace
 h - a +4 club (weapon)
 p - a +0 giant spiked club
Missiles
 d - 6 darts of dispersal (quivered)
 r - 2 throwing nets
Armour
 b - a +0 robe (worn)
 g - a +1 cloak (worn)
Magical Staves
 e - a staff of cold
Jewellery
 q - a +5 ring of evasion (left hand)
Scrolls
 c - 3 scrolls of blinking
 f - a scroll of torment
 i - a scroll of amnesia
 j - 3 scrolls of identify
 k - 3 scrolls of teleportation
 m - a scroll of enchant armour
Potions
 o - a potion of resistance
 s - a potion of mutation


   Skills:
 + Level 5.0 Fighting
 * Level 4.8 Maces & Flails
 - Level 1.0 Throwing
 + Level 3.5 Dodging
 + Level 4.2 Spellcasting
 * Level 1.2 Summonings
 * Level 3.1 Translocations


You had 7 spell levels left.
You knew the following spells:

 Your Spells              Type           Power      Damage    Failure   Level
a - Blink                 Tloc           22%        N/A       9%          2
b - Summon Forest         Summ/Tloc      4%         N/A       91%         5

Your spell library contained the following spells:

 Spells                   Type           Power      Damage    Failure   Level
 Lesser Beckoning         Tloc           22%        N/A       9%          2
 Teleport Other           Tloc           11%        N/A       16%         3
 Sandblast                Erth           4%         2d4       19%         1
 Maxwell's Portable Pile  Tloc           11%        2d(7-13)  47%         4
 Stone Arrow              Conj/Erth      4%         3d7       50%         3
 Vhi's Electric Charge    Tloc/Air       14%        N/A       69%         4
 Brom's Barrelling Bould  Conj/Erth      2%         2d3       88%         4
 Summon Mana Viper        Hex/Summ       4%         N/A       99%         5
 Summon Cactus Giant      Summ           3%         N/A       100%        6


Dungeon Overview and Level Annotations

Branches:
Dungeon (5/15)
 Temple: D:4-7

Altars:

Annotations:
D:3 1 runed translucent door, Crazy Yiuf


Innate Abilities, Weirdness & Mutations

You are too large for most types of armour.
You have a pair of small horns on your head.
You have tough skin. (AC +1)
You gain doubled healing and magic from potions.
Whenever you drink a healing potion, you attack all around you.
You are somewhat resistant to further mutation.
You do not regenerate when monsters are visible.


Message History

You kill your butterfly!
Your butterfly disappears in a burst of colours!
As you read the scroll labelled ZATTAU XICE, it crumbles to dust.
The creatures around you are filled with an inner flame!
It was a scroll of immolation.
Your butterfly is engulfed in poison gas.
Your butterfly is poisoned.
Your butterfly disappears in a burst of colours!
Your butterfly explodes!
Your butterfly is engulfed in poison gas.
Your butterfly is poisoned.
Your butterfly disappears in a burst of colours!
Your butterfly explodes!
The fiery explosion engulfs your butterfly!!
Your butterfly disappears in a burst of colours!
The fiery explosion engulfs your butterfly!!
Your butterfly disappears in a burst of colours!
Your butterfly explodes!
The fiery explosion engulfs your butterfly!!
Your butterfly disappears in a burst of colours!
The fiery explosion engulfs your butterfly!
Your butterfly disappears in a burst of colours!
Your butterfly explodes!
The fiery explosion engulfs you!
Your butterfly explodes! x2
Your butterfly is engulfed in blazing flames.
Your butterfly disappears in a burst of colours!
Your butterfly explodes!
The fiery explosion engulfs you!
* * * LOW HITPOINT WARNING * * *
Your butterfly is engulfed in poison gas.
Your butterfly is poisoned.
Your butterfly disappears in a burst of colours!
Your butterfly explodes!
You hear an angry hiss.
You hear a shout! x3
Your butterfly is engulfed in blazing flames.
Your butterfly disappears in a burst of colours!
Your butterfly explodes!
The fiery explosion engulfs you!!
You die...

#..><..#,,,,,,,,,,*
#......#,,,,,,,,,,*
#######.§§§§§##,,***,,,,*
########§§§§§##,,****+***
####..##§§§§§#.,,,,,,,,,*
###..b...§§§§#.,,,,,,,,,*
###§..<.§§§§§#.,,**>,,,,*
####§.##.§§§§##,,********
####§§##@§§§§##,,*,,,,,,*
###§§§§§§.§§§§§.,+,,,,,,* * *****
###.§§§§§..§.§§.,*,,,,,,*
***,,,**####§§#########.,*,,,,,,*
,+,,,,*,..##.§##....Y##,,**,,,,,*
,*,,,*,,..#§.........##,,********
,*,,,*,,..+§§........#.,,**,,,,,*
***,,**,..#§.?.......#.,,,,,,,,,*
*******,..#§.....S...##,,,,,,,,,*


There were no monsters in sight!

Vanquished Creatures
  An ogre (D:5)
  A scorpion (D:4)
  A howler monkey (D:4)
  A bombardier beetle (D:4)
  2 hounds
  Jessica (D:2)
  2 iguanas
  Natasha (twice) (D:3)
  5 gnolls
  2 adders (D:2)
  A dart slug (D:3)
  A ribbon worm (D:2)
  5 orcs (D:4)
  6 ball pythons
  4 bats
  12 endoplasms
  2 giant cockroaches
  6 goblins
  6 hobgoblins
  13 jackals
  A quokka (D:1)
  3 frilled lizards
  7 kobolds
  7 rats
92 creatures vanquished.

Notes
Turn   | Place    | Note
-------+----------+-------------------------------------------
     0 | D:1      | KennySheep the Oni Warper began the quest for the Orb.
     0 | D:1      | Reached XP level 1. HP: 22/22 MP: 3/3
   120 | D:1      | Reached skill level 3 in Fighting
   120 | D:1      | Reached XP level 2. HP: 4/31 MP: 5/5
   254 | D:1      | Learned a level 2 spell: Blink
   755 | D:1      | Reached XP level 3. HP: 24/37 MP: 7/7
  1383 | D:2      | Reached XP level 4. HP: 39/45 MP: 8/8
  1874 | D:2      | Noticed Jessica
  1882 | D:2      | Killed Jessica
  2140 | D:3      | Noticed Natasha
  2314 | D:3      | Reached XP level 5. HP: 48/54 MP: 8/10
  2446 | D:3      | Reached skill level 4 in Fighting
  2774 | D:3      | Killed Natasha
  2822 | D:3      | Found a runed translucent door.
  2823 | D:3      | Noticed Crazy Yiuf
  2855 | D:3      | Noticed Natasha
  2859 | D:3      | Killed Natasha
  3167 | D:4      | Reached XP level 6. HP: 58/62 MP: 11/11
  4189 | D:4      | Gained mutation: You do not regenerate when monsters are
                  | visible. [potion of mutation]
  4189 | D:4      | Gained mutation: You are somewhat resistant to further
                  | mutation. [potion of mutation]
  4399 | D:5      | Entered Level 5 of the Dungeon
  4407 | D:5      | Learned a level 5 spell: Summon Forest
  4410 | D:5      | Noticed an ice beast
  4592 | D:4      | Reached XP level 7. HP: 13/71 MP: 13/13
  4843 | D:5      | Reached skill level 5 in Fighting
  4843 | D:5      | Reached skill level 1 in Summonings
  4850 | D:5      | Killed by an exploding butterfly... ignited by their inner
                  | flame

Illustrated notes

Levels and vault maps discovered:
D:1:      heliophobic_arrival_henge, layout_basic, serial_curves,
          eino_curves_02, eino_curves_04
D:2:      layout_basic, nrook_mini_vaults, uniq_jessica
D:3:      layout_basic, uniq_natasha, uniq_crazy_yiuf_cottage
D:4:      layout_basic
D:5:      layout_gridville, nicolae_overflow_macrodata_refinement,
          chequers_serial_rivers_room_a, uniq_blork_the_orc

Skill      XL: |  1  2  3  4  5  6  7 |
---------------+----------------------+-----
Fighting       | 3 4 5 |  5.0
Maces & Flails | 3 4 |  4.8
Spellcasting   | 3 4 |  4.2
Dodging        | 3 |  3.5
Summonings     | 1 |  1.2
Translocations | 3 |  3.1
Throwing       | |  1.0

Action                     |  1- 3 |  4- 6 |  7- 9 || total
---------------------------+-------+-------+-------++-------
  Melee: Mace              |    96 |    41 |       ||   137
         Headbutt          |    14 |    30 |       ||    44
         Club              |       |   127 |     9 ||   136
  Throw: Dart              |     1 |       |       ||     1
    Use: Scroll            |     4 |       |     5 ||     9
         Potion            |     3 |     3 |       ||     6
 Armour: Robe              |    80 |    95 |     6 ||   181
  Dodge: Dodged            |    61 |   133 |     6 ||   200

Table legend: (Time is in decaauts)
 A = Elapsed time spent in this place.
 B = Non-inter-level travel time spent in this place.
 C = Inter-level travel time spent in this place.
 D = Time resting spent in this place.
 E = Time spent auto-exploring this place.
 F = Levels seen in this place.
 G = Mean time per level.
                   A        B        C        D        E       F      G
               +--------+--------+--------+--------+--------+-----+--------+
         Total |   4898 |   4676 |    222 |    525 |   3426 |   5 |  979.6 |
       Dungeon |   4898 |   4676 |    222 |    525 |   3426 |   5 |  979.6 |
               +--------+--------+--------+--------+--------+-----+--------+

Top non-repeatable levels by time:
     D:4: 1708 daAuts
     D:2: 1135 daAuts
     D:1: 1031 daAuts
     D:3: 969 daAuts
     D:5: 52 daAuts
